 Dungeon Crawl Stone Soup version bcrawl-1.28.5 (console) character file.

Game seed: 2391243676675391500

124175 GodsVoicemail the Conjurer (level 4, 30/30 HPs)
             Began as a Demonspawn Wizard on Feb 19, 2021.
             Quit the game on level 2 of the Dungeon.
             The game lasted 00:05:06 (1675 turns).

GodsVoicemail the Conjurer (Demonspawn Wizard)      Turns: 1675, Time: 00:05:07

Health: 30/30      AC:  2    Str:  7    XL:     4   Next: 1%
Magic:  5/8        EV: 12    Int: 21    God:
Gold:   162        SH:  0    Dex: 11    Spells: 4/9 levels left

rFire    . . .     SeeInvis .   a - +0 staff
rCold    . . .     Gourm    .   (no shield)
rNeg     . . .     Faith    .   b - +0 robe
rPois    .         Spirit   +   c - +0 hat
rElec    .         Reflect  .   (no cloak)
rCorr    .         Harm     .   (no gloves)
MR       .....                  (no boots)
Stlth    ++........             (no amulet)
HPRegen  0.10/turn              (no ring)
MPRegen  0.11/turn              (no ring)

@: no status effects
A: hooves 1, spiny 1, magic shield
a: no special abilities


You were on level 2 of the Dungeon.
You were not hungry.

You visited 1 branch of the dungeon, and saw 2 of its levels.

You collected 162 gold pieces.

Inventory:

Hand Weapons
 a - a +0 staff (weapon)
Armour
 b - a +0 robe (worn)
 c - a +0 hat (worn)
 n - a +0 buckler
Jewellery
 m - a cursed ring of teleportation {unknown}
Scrolls
 d - a scroll of remove curse {unknown}
 h - 3 scrolls of identify
 q - a scroll of teleportation {unknown}
 r - 2 scrolls of enchant weapon {unknown}
Potions
 f - a potion of brilliance
 g - a potion of mutation {unknown}
 i - a potion of ambrosia {unknown}
 j - a potion of haste {unknown}
 k - a potion of berserk rage {unknown}
 l - a potion of agility {unknown}
 o - 2 potions of resistance {unknown}
Comestibles
 e - 2 rations {!d}
 p - 3 chunks of flesh


   Skills:
 - Level 1.7 Dodging
 - Level 2.0 Stealth
 - Level 3.0 Spellcasting
 * Level 3.9 Conjurations
 - Level 1.0 Summonings
 - Level 0.8 Translocations


You had 4 spell levels left.
You knew the following spells:

 Your Spells              Type           Power        Failure   Level  Hunger
a - Magic Dart            Conj           ###.         2%          1    None
b - Blink                 Tloc           N/A          14%         2    #......
e - Call Imp              Summ           #.....       13%         2    #......

Your spell library contained the following spells:

 Spells                   Type           Power        Failure   Level  Hunger
 Conjure Flame            Conj/Fire      ##......     19%         3    ####...
 Mephitic Cloud           Conj/Pois/Air  #.......     24%         3    ####...
 Spider Form              Tmut/Pois      #..          36%         3    ####...


Dungeon Overview and Level Annotations

Branches:
Dungeon (2/12)

Altars:

Annotations:
D:2 1 runed door


Innate Abilities, Weirdness & Mutations

You have large cloven feet.
You are partially covered in sharp spines.
When hurt, damage is shared between your health and your magic reserves.


Message History

A jackal is nearby!
Casting: Magic Dart (safe; 2% risk of failure)
Confirm with . or Enter, or press ? or * to list all spells.
Aiming: Magic Dart (safe; 2% risk of failure)
Press: ? - help, Shift-Dir - straight line, f - jackal
Aim: a jackal The magic dart hits the jackal.
The jackal is almost dead.
Casting: Magic Dart (safe; 2% risk of failure)
Confirm with . or Enter, or press ? or * to list all spells.
Aiming: Magic Dart (safe; 2% risk of failure)
Press: ? - help, Shift-Dir - straight line, f - hobgoblin
Aim: a hobgoblin, wielding a +0 club The magic dart hits the hobgoblin.
You kill the hobgoblin!
You have reached level 4!
You feel clever.
Your demonic ancestry asserts itself...
You feel your magical essence form a protective shroud around your flesh.
No path to travel!
Are you sure you want to abandon this character and quit the game? (Confirm with "yes".)

.# #...#
##.#.###.###.♣._ .#
#...#
#.##.#.###...♣. ##
#...# #.###.##
#....♣ #...# #.#
###........ #...#
#.# #.#####.. .....
#...# #.. .. ..#
####. ##.## ### #
... ###.####.#
######## ##.#
.........####..@...#
.#
..#.###........###h#
#...###.## .# #...#
### g# ##.## .. #.#
.# #.# .# ... .# ...


You could see a jackal.

Vanquished Creatures
  5 dart slugs
  5 leopard geckos
  A giant cockroach (D:1)
  7 goblins
  3 hobgoblins
  5 jackals (D:2)
  4 quokkas
  A ball python (D:1)
  3 bats
  4 frilled lizards
  8 kobolds
  5 rats
51 creatures vanquished.

Notes
Turn   | Place    | Note
-------+----------+-------------------------------------------
     0 | D:1      | GodsVoicemail the Demonspawn Wizard began the quest for the
                  | Orb.
     0 | D:1      | Reached XP level 1. HP: 13/13 MP: 4/4
   246 | D:1      | Gained mutation: You are partially covered in sharp spines.
                  | [demonic ancestry]
   246 | D:1      | Reached XP level 2. HP: 19/19 MP: 4/6
   492 | D:1      | Learned a level 2 spell: Blink
   495 | D:1      | Learned a level 2 spell: Call Imp
   991 | D:1      | Gained mutation: You have large cloven feet. [demonic
                  | ancestry]
   991 | D:1      | Reached XP level 3. HP: 24/24 MP: 1/7
  1161 | D:2      | Found a runed door.
  1466 | D:2      | Found a faded altar of an unknown god.
  1675 | D:2      | Gained mutation: When hurt, damage is shared between your
                  | health and your magic reserves. [demonic ancestry]
  1675 | D:2      | Reached XP level 4. HP: 30/30 MP: 5/8
  1675 | D:2      | Quit the game

Skill      XL: |  1  2 |
---------------+-------+-----
Conjurations   | 2 3 |  3.9
Dodging        | |  1.7
Stealth        | |  2.0
Spellcasting   | |  3.0
Summonings     | |  1.0
Translocations | |  0.8

Action                   |  1- 3 |  4- 6 || total
-------------------------+-------+-------++-------
Melee: Staff             |    10 |       ||    10
       Kick              |     1 |       ||     1
 Cast: Magic Dart        |    97 |       ||    97
  Eat: Chunk             |     4 |       ||     4
Armor: Robe              |     2 |       ||     2
Dodge: Dodged            |    15 |       ||    15
